 Dungeon Crawl Stone Soup version 0.28.0-45-g0d030f2227 (webtiles) character file.

Game seed: 1428268134798489656

8944 hawla the Cruncher (level 11, -1/89 HPs)
             Began as a Yellow Draconian Conjurer on Apr 20, 2022.
             Was a Priest of Vehumet.
             Slain by a wraith (11 damage)
             ... on level 9 of the Dungeon.
             The game lasted 00:45:27 (10235 turns).

hawla the Cruncher (Yellow Draconian Conjurer)     Turns: 10235, Time: 00:45:27

Health: -1/89      AC:  7    Str:  9    XL:     11   Next: 16%
Magic:  13/31      EV: 12    Int: 23    God:    Vehumet [***...]
Gold:   390        SH:  0    Dex: 16    Spells: 10/25 levels left

rFire   . . .      SeeInvis .   D - +3 quarterstaff (chaos)
rCold   . . .      Faith    .   (shield currently unavailable)
rNeg    . . .      Spirit   .   (armour unavailable)
rPois   .          Reflect  .   (helmet restricted)
rElec   .          Harm     .   e - +1 cloak
rCorr   +          Rampage  .   (no gloves)
Will    .....                   A - +1 pair of boots
Stlth   +.........              f - amulet of the acrobat
HPRegen 0.24/turn               i - ring of magical power
MPRegen 0.22/turn               y - +6 ring of dexterity

@: confused, marked, corroded, attractive, slowed, studying Staves, unable to
read, very slow
A: spit acid, AC +7, unfitting armour, cold-blooded, acid resistance, antennae
1, stinger 1, inability to read while threatened
a: Breathe Acid, Renounce Religion


You were on level 9 of the Dungeon.
You worshipped Vehumet.
Vehumet was most pleased with you.
You visited 1 branch of the dungeon, and saw 9 of its levels.

You collected 441 gold pieces.
You spent 51 gold pieces at shops.

Inventory:

Hand Weapons
 D - a +3 quarterstaff of chaos (weapon)
Missiles
 g - 10 poisoned darts
 l - 11 boomerangs
 E - a throwing net
Armour
 e - a +1 cloak (worn)
 A - a +1 pair of boots (worn)
Jewellery
 f - an amulet of the acrobat (around neck)
 i - a ring of magical power (left hand)
 j - a ring of positive energy
 q - a ring of magical power
 x - a ring of flight
 y - a +6 ring of dexterity (right hand)
 H - a +4 ring of evasion
 J - a ring of magical power
Wands
 d - a wand of flame (33)
 k - a wand of polymorph (4)
 C - a wand of digging (5)
Scrolls
 h - 2 scrolls of immolation
 n - a scroll of enchant armour
 w - a scroll of silence {unknown}
 B - 2 scrolls of teleportation {unknown}
 F - a scroll of amnesia {unknown}
 G - 2 scrolls of torment {unknown}
 I - a scroll of identify
Potions
 b - a potion of mutation
 c - 2 potions of attraction
 p - 3 potions of flight {unknown}
 r - 2 potions of might {unknown}
 s - a potion of brilliance {unknown}
 t - a potion of lignification {unknown}
 v - 3 potions of haste {unknown}
 z - 2 potions of magic {unknown}


   Skills:
 - Level 6.0 Fighting
 - Level 12.6 Staves
 - Level 2.0 Throwing
 - Level 2.5 Dodging
 - Level 2.4 Stealth
 + Level 7.8 Spellcasting
 - Level 9.0 Conjurations
 - Level 3.0 Necromancy
 - Level 2.0 Translocations
 - Level 2.0 Transmutations
 - Level 1.0 Evocations


You had 10 spell levels left.
You knew the following spells:

 Your Spells              Type           Power      Damage    Failure   Level
a - Magic Dart            Conj           100%       1d8       1%          1
b - Searing Ray           Conj           100%       2d8       1%          2
c - Iskenderun's Mystic   Conj/Tloc      34%        2d8       2%          4
d - Vampiric Draining     Necr           22%        2d7       6%          3
e - Irradiate             Conj/Tmut      17%        3d19      5%          5

Your spell library contained the following spells:

 Spells                   Type           Power      Damage    Failure   Level
 Olgreb's Toxic Radiance  Pois           9%         N/A       17%         4
 Animate Skeleton         Necr           44%        N/A       1%          1
 Pain                     Necr           88%        1d8       1%          1
 Shock                    Conj/Air       100%       1d9       1%          1
 Dazzling Flash           Conj/Hex       58%        N/A       1%          3
 Stone Arrow              Conj/Erth      58%        3d10      1%          3
 Sublimation of Blood     Necr           22%        N/A       3%          2
 Fulminant Prism          Conj/Hex       14%        3d9       3%          4
 Frozen Ramparts          Ice            18%        1d3       6%          3
 Airstrike                Air            4%         N/A       17%         4
 Swiftness                Air            9%         N/A       22%         3
 Ice Form                 Ice/Tmut       13%        N/A       43%         4
 Petrify                  Tmut/Erth      13%        N/A       43%         4
 Summon Ice Beast         Ice/Summ       9%         N/A       56%         4
 Malign Gateway           Summ/Tloc      6%         N/A       100%        7
 Borgnjor's Revivificati  Necr           11%        N/A       100%        8
 Lehudib's Crystal Spear  Conj/Erth      14%        10d5      100%        8
 Necromutation            Tmut/Necr      10%        N/A       100%        8
 Summon Horrible Things   Summ           4%         N/A       100%        8
 Death's Door             Necr           11%        N/A       100%        9
 Animate Armour           Summ/Erth      Unusable   N/A       N/A         4

Dungeon Overview and Level Annotations

Branches:
Dungeon (9/15)             Temple (0/1) D:5
   Lair: D:8-11         Orc: D:9-12

Altars:
Elyvilon
Ru
Uskayaw
Vehumet
Xom
Yredelemnul

Shops:
D:4 :*   D:5 :   D:7 (


Innate Abilities, Weirdness & Mutations

You can spit globs of acid.
Your golden yellow scales are hard. (AC +7)
You cannot fit into any form of body armour.
You are cold-blooded and may be slowed by cold attacks.
You are resistant to acid. (rCorr)
You have a pair of small antennae on your head.
Your tail ends in a venomous barb.
You sometimes lose the ability to read scrolls when taking damage.


Message History

The wraith drains your vigour!
You feel yourself slow down.
Casting: Iskenderun's Mystic Blast (dangerous; 2% risk of failure)
Confirm with . or Enter, or press ? or * to list all spells.
You erupt in a blast of force!
The mystic blast hits the deep elf archer.
The deep elf archer is heavily wounded.
The deep elf archer is knocked back by the mystic blast.
The deep elf archer slams into the stone wall!
The deep elf archer is heavily wounded.
The mystic blast hits the water moccasin!
Vehumet accepts your kill.
The mystic blast hits the wraith!
The wraith is severely damaged.
The wraith is knocked back by the mystic blast.
The mystic blast hits the centaur warrior.
The centaur warrior is almost dead.
The centaur warrior is knocked back by the mystic blast.
The centaur warrior slams into the rock wall!
The centaur warrior is almost dead.
The water moccasin explodes!
The fiery explosion engulfs the centaur warrior!!!
You kill the centaur warrior!
Vehumet accepts your kill.
The deep elf archer gestures at you while chanting.
You are confused.
Unknown command.
It was a potion of mutation.
You feel extremely strange. A pair of antennae grows on your head!
You lose the ability to read scrolls when threatened.
A venomous barb forms on the end of your tail.
A two-headed ogre comes into view.
It is wielding a +0 giant spiked club and a +0 giant club.
The wraith hits you but does no damage.
You're too confused to cast spells.
Unknown command.
It was a potion of attraction.
You feel attractive to monsters.
The killer bee's inner flame fades away.
The wraith hits you!
You feel threatened and lose the ability to read scrolls!
You die...

# .# #. ..# # .#
#.. ..## .# #.#
...## .###.#
#≈..### #§§.#
#ZW.)######§.#
#..≈*##eW@O§#
#[..§#z###.# #.#
#...oyo# #.# #...
#.≈≈Z### #.# #..
#≈...# #.# #..
#≈..(# #)# #.#
#.≈≈.# #.###.#
#h..≈#####..##.##
#≈?..#...>(.....#


You could see a two-headed ogre, a deep elf archer (repels missiles), a wraith,
an orc warrior, a killer bee, a wight and a centaur zombie.

Vanquished Creatures
  2 two-headed ogres
  A centaur warrior (D:9)
  2 centaur zombies
  A komodo dragon (D:7)
  A tengu conjurer (D:9)
  A troll (D:9)
  16 yaks
  A steam dragon (D:8)
  2 water moccasins
  An acid dragon (D:9)
  4 sky beasts
  An orc warrior (D:9)
  4 ice beasts
  A black bear (D:6)
  2 necrophages
  3 ogres
  2 centaurs
  2 phantoms
  A kobold brigand (D:8)
  3 bullfrogs
  A scorpion (D:4)
  4 wights (D:8)
  2 killer bees (D:9)
  4 howler monkeys
  3 hounds (D:5)
  A bullfrog zombie (D:7)
  2 gnoll shamans (D:6)
  3 orc priests
  6 jellies
  Crazy Yiuf (D:5)
  Ijyb (D:2)
  Jessica (D:3)
  3 iguanas
  7 orc wizards
  2 hound skeletons
  10 gnolls
  8 adders
  2 river rats (D:6)
  A shadow imp (D:7)
  A white imp (D:7)
  An ufetubus (D:6)
  A worm (D:6)
  3 dart slugs
  21 orcs
  7 ball pythons
  8 bats
  6 endoplasms
  4 giant cockroaches
  6 hobgoblins
  2 jackals (D:4)
  7 quokkas
  2 frilled lizards (D:1)
  14 goblins
  11 kobolds
  10 rats
217 creatures vanquished.

Vanquished Creatures (others)
  An adder (D:3)
1 creature vanquished.

Grand Total: 218 creatures vanquished

Notes
Turn   | Place    | Note
-------+----------+-------------------------------------------
     0 | D:1      | hawla the Draconian Conjurer began the quest for the Orb.
     0 | D:1      | Reached XP level 1. HP: 14/14 MP: 3/3
   266 | D:1      | Reached XP level 2. HP: 20/20 MP: 1/5
   269 | D:1      | Learned a level 2 spell: Searing Ray
   591 | D:1      | Reached XP level 3. HP: 13/26 MP: 0/6
  1102 | D:1      | Reached skill level 5 in Conjurations
  1323 | D:2      | Found a shimmering altar of Xom.
  1399 | D:2      | Reached XP level 4. HP: 29/33 MP: 3/7
  1422 | D:2      | Learned a level 4 spell: Iskenderun's Mystic Blast
  1972 | D:2      | Noticed Ijyb
  2266 | D:2      | Killed Ijyb
  2267 | D:2      | Reached XP level 5. HP: 38/38 MP: 7/9
  2684 | D:2      | Found a faded altar of an unknown god.
  2793 | D:3      | Found a basalt altar of Yredelemnul.
  2863 | D:3      | Noticed an ice beast
  2869 | D:3      | Killed an ice beast
  3060 | D:3      | Reached XP level 6. HP: 28/46 MP: 5/11
  3195 | D:3      | Noticed Jessica
  3199 | D:3      | Killed Jessica
  3470 | D:3      | Found a radiant altar of Vehumet.
  3498 | D:3      | Became a worshipper of Vehumet
  3684 | D:4      | Found a hide-covered altar of Uskayaw.
  3697 | D:4      | Found Dirac's Book Boutique.
  4205 | D:4      | Reached skill level 1 in Fighting
  4457 | D:4      | Your scales start taking on a golden yellow colour.
  4457 | D:4      | Reached XP level 7. HP: 45/52 MP: 13/13
  4457 | D:4      | Gained mutation: You are resistant to acid. (rCorr) [Yellow
                  | Draconian growth]
  4566 | D:4      | Found Kots's Assorted Antiques.
  4569 | D:4      | Bought a dark potion for 24 gold pieces
  4569 | D:4      | Bought a scroll labelled EBLESE HUSCH for 27 gold pieces
  4821 | D:5      | Entered Level 5 of the Dungeon
  4856 | D:5      | Reached skill level 1 in Throwing
  4856 | D:5      | Reached skill level 1 in Translocations
  4856 | D:5      | Reached skill level 1 in Evocations
  4883 | D:5      | Reached XP level 8. HP: 47/67 MP: 1/14
  5021 | D:5      | Reached skill level 5 in Fighting
  5055 | D:5      | Found Osorutal's Book Boutique.
  5071 | D:5      | Learned a level 3 spell: Vampiric Draining
  5077 | D:5      | Learned a level 5 spell: Irradiate
  5123 | D:5      | Reached * piety under Vehumet
  5123 | D:5      | Offered knowledge of Foxfire by Vehumet.
  5198 | D:5      | Found a white marble altar of Elyvilon.
  5281 | D:5      | Found a staircase to the Ecumenical Temple.
  5322 | D:5      | Found a runed translucent door.
  5323 | D:5      | Noticed Crazy Yiuf
  5589 | D:5      | Reached skill level 1 in Necromancy
  5589 | D:5      | Reached skill level 1 in Transmutations
  5664 | D:5      | Found a sacrificial altar of Ru.
  5700 | D:5      | Killed Crazy Yiuf
  5904 | D:6      | Reached skill level 1 in Staves
  6031 | D:6      | Reached skill level 2 in Staves
  6253 | D:6      | Reached skill level 3 in Staves
  6373 | D:6      | Reached skill level 4 in Staves
  6373 | D:6      | Reached XP level 9. HP: 61/75 MP: 15/15
  6462 | D:6      | Found a glowing drain.
  6473 | D:6      | Offered knowledge of Freeze by Vehumet.
  6475 | D:6      | Reached ** piety under Vehumet
  6954 | D:7      | Reached skill level 5 in Staves
  7609 | D:7      | Found Naut's Antique Weapon Shop.
  7648 | D:7      | Noticed a two-headed ogre
  7657 | D:7      | Killed a two-headed ogre
  7658 | D:7      | Reached skill level 6 in Staves
  7661 | D:7      | Noticed a komodo dragon
  7935 | D:7      | Killed a komodo dragon
  8163 | D:7      | Reached skill level 7 in Staves
  8543 | D:8      | Reached skill level 8 in Staves
  8548 | D:8      | Reached XP level 10. HP: 82/83 MP: 9/16
  8549 | D:8      | Reached skill level 9 in Staves
  8554 | D:7      | Offered knowledge of Frozen Ramparts by Vehumet.
  8980 | D:8      | Reached skill level 10 in Staves
  9045 | D:8      | Reached *** piety under Vehumet
  9048 | D:8      | Reached skill level 11 in Staves
  9292 | D:8      | Reached skill level 12 in Staves
  9751 | D:8      | Noticed a two-headed ogre
  9757 | D:8      | Killed a two-headed ogre
  9757 | D:8      | Offered knowledge of Olgreb's Toxic Radiance by Vehumet.
 10052 | D:9      | Reached skill level 5 in Spellcasting
 10226 | D:9      | Noticed a centaur warrior
 10227 | D:9      | Reached XP level 11. HP: 38/89 MP: 21/21
 10232 | D:9      | Noticed a deep elf archer
 10233 | D:9      | Killed a centaur warrior
 10234 | D:9      | Gained mutation: You have a pair of small antennae on your
                  | head. [potion of mutation]
 10234 | D:9      | Gained mutation: You sometimes lose the ability to read
                  | scrolls when taking damage. [potion of mutation]
 10234 | D:9      | Gained mutation: Your tail ends in a venomous barb. [potion
                  | of mutation]
 10234 | D:9      | Noticed a two-headed ogre
 10235 | D:9      | Slain by a wraith

Illustrated notes

Levels and vault maps discovered:
D:1:      heliophobic_arrival_dark_side_of_the_moon, layout_basic,
          serial_park_tiny_pond
D:2:      kennysheep_the_goblin_king, layout_rooms, basic_altar,
          shapermc_ecumenical_altar_petra
D:3:      layout_rooms, lemuel_doored_altar, fiery_altar_vehumet,
          minmay_misc_feat_rows, uniq_jessica
D:4:      layout_layer_cave, mainiacjoe_overflow_paths, serial_shops, shop,
          nicolae_shop_behind_doors
D:5:      layout_rooms, nicolae_ru_path_of_blood, mainiacjoe_overflow_alcove_2,
          minmay_temple_entry_statues_pillars, serial_shops, shop,
          uniq_crazy_yiuf_cottage
D:6:      layout_loops_ring, portal_sewer_entry_a
D:7:      layout_basic, serial_shops, shop, minmay_manual_mail
D:8:      layout_loops_ring, hangedman_minor_gate_pass
D:9:      layout_loops_ring, bloody_makhleb, kennysheep_mini,
          minmay_misc_feat_cross, nzn_random_ring

Skill      XL: |  1  2  3  4  5  6  7  8  9 10 11 |
---------------+----------------------------------+-----
Conjurations   | 5 6 7 8 9 |  9.0
Stealth        | 2 |  2.4
Dodging        | 2 |  2.5
Spellcasting   | 3 4 6 7 |  7.8
Fighting       | 1 4 6 |  6.0
Throwing       | 1 2 |  2.0
Translocations | 1 2 |  2.0
Evocations     | 1 |  1.0
Necromancy     | 1 2 3 |  3.0
Transmutations | 1 2 |  2.0
Staves         | 4 8 12 | 12.6

Action                   |  1- 3 |  4- 6 |  7- 9 | 10-12 || total
-------------------------+-------+-------+-------+-------++-------
Melee: Dagger            |     6 |    27 |    18 |       ||    51
       Tailslap          |     2 |     2 |    10 |     3 ||    17
       Punch             |     1 |       |       |       ||     1
       Unarmed           |       |    19 |       |       ||    19
       Quarterstaff      |       |       |    92 |    21 ||   113
 Cast: Magic Dart        |    43 |    53 |    18 |     8 ||   122
       Searing Ray       |    10 |    27 |    38 |    27 ||   102
       Iskenderun's Myst |       |     2 |    19 |    21 ||    42
       Vampiric Draining |       |       |     7 |       ||     7
       Irradiate         |       |       |     3 |     3 ||     6
  Use: Potion            |       |     1 |       |     4 ||     5
       Scroll            |       |       |     7 |     4 ||    11
 Stab: Sleeping          |       |       |     4 |       ||     4
       Distracted        |       |       |     1 |       ||     1
Armor: Skin              |     1 |    25 |    71 |    33 ||   130
Dodge: Dodged            |    11 |    31 |   137 |    88 ||   267
